 Dungeon Crawl Stone Soup version 0.21.1-1-g345015f (webtiles) character file.

7207 Lorn the Cleaver (level 11, -11/148 HPs)
             Began as a Hill Orc Berserker on Mar 12, 2018.
             Was an Elder of Trog.
             Mangled by a two-headed ogre
             ... wielding a +0 giant spiked club
              (22 damage)
             ... on level 10 of the Dungeon.
             The game lasted 00:49:29 (12097 turns).

Lorn the Cleaver (Hill Orc Berserker)              Turns: 12097, Time: 00:49:29

Health: -11/148    AC: 14    Str: 29    XL:     11   Next: 11%
Magic:  11/11      EV:  9    Int:  7    God:    Trog [****..]
Gold:   123        SH:  0    Dex: 10    Spells: 10/10 levels left

rFire    . . .     SeeInvis .   h - +1 war axe (distort)
rCold    . . .     Gourm    .   (no shield)
rNeg     . . .     Faith    .   J - +0 plate armour
rPois    .         Spirit   .   (no helmet)
rElec    .         Reflect  .   (no cloak)
rCorr    .         Harm     .   (no gloves)
MR       .....                  (no boots)
Stlth    ..........             (no amulet)
HPRegen  0.34/turn              I - ring of flight
MPRegen  0.12/turn              (no ring)

@: berserking, very quick
A: no striking features
a: Berserk, Trog's Hand, Brothers in Arms, Burn Spellbooks, Renounce Religion,
Evoke Flight


You were on level 10 of the Dungeon.
You worshipped Trog.
Trog was greatly pleased with you.
You were not hungry.

You visited 1 branch of the dungeon, and saw 10 of its levels.

You collected 468 gold pieces.
You spent 345 gold pieces at shops.

Inventory:

Hand Weapons
 e - a +0 war axe
 h - a +1 war axe of distortion (weapon)
 n - a +1 vampiric scythe
 p - the cursed +1 mace "Tughukhlu" {drain, rF+ rN++ Str-5 Dex+4, unknown}
   (You found it on level 4 of the Dungeon)

   A truly terrible weapon, it drains the life of those it strikes.
   It affects your strength (-5).
   It affects your dexterity (+4).
   It protects you from fire.
   It greatly protects you from negative energy.
   It has a curse placed upon it.
 w - a cursed +3 long sword
 z - a cursed +3 halberd
Missiles
 j - a throwing net (quivered)
Armour
 k - a +1 chain mail of cold resistance
 B - a +0 troll leather armour
 J - a +0 plate armour (worn)
Jewellery
 I - a ring of flight (left hand)
 M - an uncursed ring of wizardry {unknown}
Wands
 v - a wand of scattershot (3)
 y - a wand of random effects (53)
 D - a wand of iceblast (12)
 F - a wand of enslavement (10)
 H - a wand of polymorph (20)
Scrolls
 a - 2 scrolls of enchant weapon
 d - 5 scrolls of remove curse
 f - 2 scrolls of amnesia
 i - a scroll of noise {unknown}
 o - a scroll of fear
 s - a scroll of blinking
 t - 3 scrolls of identify
 u - 2 scrolls of teleportation
 C - 2 scrolls of enchant armour {unknown}
 G - a scroll of random uselessness
 L - a scroll of magic mapping
Potions
 b - 5 potions of agility
 g - 2 potions of haste {unknown}
 l - 2 potions of might
 m - 2 potions of degeneration {unknown}
 q - 3 potions of curing
 r - 2 potions of ambrosia {unknown}
 x - 2 potions of berserk rage {unknown}
 A - a potion of flight {unknown}
 E - 2 potions of heal wounds
 K - a potion of mutation {unknown}
Comestibles
 c - 10 chunks of flesh


   Skills:
 + Level 9.8 Fighting
 + Level 14.3 Axes
 + Level 10.0 Armour
 + Level 3.5 Dodging
 + Level 1.8 Stealth


You had 10 spell levels left.
You didn't know any spells.

Dungeon Overview and Level Annotations

Branches:
Dungeon (10/15)            Temple (0/1) D:6            Lair (0/6) D:10
    Orc: D:9-12

Altars:
Ashenzari
Cheibriados
Dithmenos
Fedhas
Kikubaaqudgha
Okawaru
Ru
Trog
Wu Jian

Shops:
D:6 *[(?   D:8 [   D:9 !

Annotations:
Abyss:1 Grum


Message History

A red film seems to cover your vision as you go berserk!
You feel yourself moving faster!
You feel mighty!
You feel quite a bit more hungry.
The bullfrog skeleton hits you but does no damage.
You hit the bullfrog skeleton.
Space bends around the bullfrog skeleton.
You destroy the bullfrog skeleton!
Trog accepts your kill.
You slash the two-headed ogre!
Space warps horribly around the two-headed ogre!
You miss the orc wizard.
Your plate armour prevents you from hitting the orc wizard.
You slash the orc!
You kill the orc!
Trog accepts your kill. The orc wizard closely misses you.
The two-headed ogre hits you with a giant spiked club!
* * * LOW HITPOINT WARNING * * *
The two-headed ogre hits you with a giant club!!
You die...

#..................#
...#...
#..................#
#...
#...###.......<....#
.... #...
#............## #..
#.............. #.
#..............
#.###.......... #.#
#.........# #.#
#.O@O.....# #.#
#.)ooo....# #.
#..o......#
#.........#
#.........#
#.........#
#.........#
#.........#


You could see a two-headed ogre, 2 orc wizards, 2 orcs and a friendly ogre
(berserk).

Vanquished Creatures
  2 two-headed ogres (D:9)
  An ugly thing (D:9)
  The ghost of bmj180 the Cutter, a novice HaFi of Okawaru (D:6)
  A wraith (D:10)
  Sigmund (D:4)
  2 hungry ghosts
  Eustachio (D:4)
  5 yaks (D:9)
  A water moccasin (D:6)
  An orc warrior (D:9)
  A phantom (D:9)
  A sky beast (D:6)
  6 ogres
  An eye of draining (D:10)
  4 wolves (D:10)
  A centaur (D:7)
  2 bullfrogs
  A wyvern zombie (D:8)
  2 scorpions
  2 killer bees (D:10)
  3 wights (D:6)
  A howler monkey (D:8)
  2 crimson imps
  A centaur zombie (D:10)
  5 hounds
  3 orc wizards
  2 orc priests (D:9)
  A bullfrog skeleton (D:10)
  A jelly (D:10)
  A centaur skeleton (D:7)
  Natasha (twice) (D:4)
  3 iguanas
  7 worker ants
  A hound skeleton (D:5)
  Robin (D:4)
  A howler monkey skeleton (D:8)
  11 adders
  3 shadow imps
  An ooze (D:4)
  An adder skeleton (D:9)
  A worm (D:2)
  4 dart slugs
  3 leopard geckos
  21 orcs
  4 ball pythons
  5 giant cockroaches
  18 goblins
  14 hobgoblins
  9 jackals
  3 quokkas (D:2)
  10 bats
  A frilled lizard (D:5)
  7 kobolds
  A quokka skeleton (D:6)
  5 rats
194 creatures vanquished.

Vanquished Creatures (collateral kills)
  Psyche (D:10)
  An acid dragon (D:9)
  An orc warrior (D:10)
  A water moccasin skeleton (D:10)
  4 killer bees (D:10)
  2 orc wizards (D:10)
  An iguana (D:10)
  An orc (D:10)
  3 jackals (D:9)
15 creatures vanquished.

Vanquished Creatures (others)
  A wizard (D:7)
  An ice beast (D:6)
  A hound (D:6)
  An orc priest (D:9)
  A leopard gecko (D:10)
5 creatures vanquished.

Grand Total: 214 creatures vanquished

Notes
Turn   | Place    | Note
-------+----------+-------------------------------------------
     0 | D:1      | Lorn the Hill Orc Berserker began the quest for the Orb.
     0 | D:1      | Reached XP level 1. HP: 19/19 MP: 1/1
   171 | D:1      | Reached XP level 2. HP: 27/27 MP: 2/2
   820 | D:1      | Reached XP level 3. HP: 31/33 MP: 3/3
  1561 | D:2      | Found a shattered altar of Ashenzari.
  1939 | D:2      | Reached ** piety under Trog
  1952 | D:2      | Reached skill level 5 in Axes
  1952 | D:2      | Reached XP level 4. HP: 38/41 MP: 4/4
  2695 | D:3      | Reached XP level 5. HP: 42/47 MP: 5/5
  3147 | D:4      | Noticed Robin
  3157 | D:4      | Killed Robin
  3234 | D:4      | Reached skill level 6 in Axes
  3252 | D:4      | Noticed Sigmund
  3279 | D:4      | Killed Sigmund
  3279 | D:4      | Reached skill level 5 in Fighting
  3279 | D:4      | Reached skill level 7 in Axes
  3279 | D:4      | Reached XP level 6. HP: 56/56 MP: 6/6
  3488 | D:4      | Got a crude mace
  3654 | D:4      | Noticed Eustachio
  3663 | D:4      | Killed Eustachio
  3663 | D:4      | Reached skill level 8 in Axes
  3663 | D:4      | Reached XP level 7. HP: 61/61 MP: 7/7
  3686 | D:4      | Found a bloodstained altar of Trog.
  3715 | D:4      | Reached *** piety under Trog
  4042 | D:4      | Noticed Natasha
  4053 | D:4      | Killed Natasha
  4685 | D:4      | Noticed Natasha
  4699 | D:4      | Killed Natasha
  4788 | D:4      | You fall through a shaft!
  4788 | D:5      | Entered Level 5 of the Dungeon
  4819 | D:5      | Reached skill level 9 in Axes
  4850 | D:5      | HP: 1/62 [ogre/giant club (22)]
  5161 | D:5      | Reached XP level 8. HP: 68/70 MP: 8/8
  5732 | D:5      | Found an ornate altar of the Wu Jian Council.
  5739 | D:5      | Found an ancient bone altar of Kikubaaqudgha.
  5747 | D:5      | Found an iron altar of Okawaru.
  6025 | D:5      | Reached skill level 5 in Armour
  6358 | D:6      | Found a shadowy altar of Dithmenos.
  6363 | D:6      | Found Washiat's Weapon Shop.
  6595 | D:6      | Found a staircase to the Ecumenical Temple.
  6681 | D:6      | Reached skill level 10 in Axes
  6708 | D:6      | Noticed bmj180's ghost (novice HaFi)
  6820 | D:6      | Found Wourgh's Antique Armour Shoppe.
  6842 | D:6      | Killed bmj180's ghost
  6842 | D:6      | Reached skill level 1 in Stealth
  7000 | D:6      | Found Bum Wausiule's General Store.
  7029 | D:6      | Reached skill level 11 in Axes
  7029 | D:6      | Reached XP level 9. HP: 45/78 MP: 9/9
  7369 | D:6      | Found a sacrificial altar of Ru.
  7806 | D:6      | Found Meolock's Magic Scroll Boutique.
  8005 | D:7      | Reached **** piety under Trog
  8077 | D:7      | Found a snail-covered altar of Cheibriados.
  8483 | D:7      | Found a flagged portal.
  8540 | D:7      | Found a bloodstained altar of Trog.
  8541 | D:7      | Noticed a wizard
  8546 | D:7      | Killed a wizard
  8773 | D:6      | Bought a troll leather armour for 345 gold pieces
  9307 | D:8      | Found Ratoh's Antique Armour Boutique.
  9969 | D:9      | Noticed a red ugly thing
  9969 | D:9      | Noticed a two-headed ogre
  9979 | D:9      | Killed a red ugly thing
  9979 | D:9      | Reached skill level 12 in Axes
  9987 | D:9      | Killed a two-headed ogre
  9987 | D:9      | Reached XP level 10. HP: 50/90 MP: 10/10
 10336 | D:9      | Reached skill level 13 in Axes
 10367 | D:9      | Found Nitamup's Distillery.
 10536 | D:9      | Noticed a two-headed ogre
 10545 | D:9      | Killed a two-headed ogre
 11551 | D:10     | Entered Level 10 of the Dungeon
 11558 | D:10     | Noticed Grum
 11580 | D:10     | Banished Grum
 11580 | D:10     | Reached skill level 14 in Axes
 11831 | D:10     | Found a blossoming altar of Fedhas.
 11845 | D:10     | Reached XP level 11. HP: 97/97 MP: 11/11
 11927 | D:10     | Noticed Psyche
 11952 | D:10     | Killed Psyche
 11958 | D:10     | Reached skill level 10 in Armour
 12061 | D:10     | Found a staircase to the Lair.
 12085 | D:10     | Noticed a two-headed ogre
 12097 | D:10     | Mangled by a two-headed ogre

Skill      XL: |  1  2  3  4  5  6  7  8  9 10 11 |
---------------+----------------------------------+-----
Fighting       | 4 5 6 8 9 |  9.8
Axes           | 5 7 8 9 11 12 14 | 14.3
Dodging        | 2 3 |  3.5
Armour         | 3 4 6 8 9 10 | 10.0
Stealth        | 1 |  1.8

Action                   |  1- 3 |  4- 6 |  7- 9 | 10-12 || total
-------------------------+-------+-------+-------+-------++-------
Melee: Hand axe          |    98 |       |       |       ||    98
       War axe           |    21 |   164 |   304 |   136 ||   625
Invok: Berserk           |       |     4 |    12 |     4 ||    20
       Burn Spellbooks   |       |       |     1 |       ||     1
       Brothers in Arms  |       |       |       |     3 ||     3
  Use: Scroll            |     3 |     6 |     2 |     2 ||    13
       Potion            |       |       |     3 |       ||     3
 Stab: Sleeping          |     1 |       |       |       ||     1
  Eat: Chunk             |     3 |     1 |     4 |     1 ||     9
       Ration            |       |     5 |     6 |     5 ||    16
Armor: Leather armour    |    38 |       |       |       ||    38
       Chain mail        |    30 |    80 |   141 |     5 ||   256
       Plate armour      |       |       |       |   105 ||   105
Dodge: Dodged            |    92 |    82 |   149 |    70 ||   393
